Unix NetHack Version 3.7.0-65 Work-in-progress - last build Oct 10 2022 05:34:18 (2afc5cfc90f7ecdc2856d9919a2295b875398e55,branch:master).

Game began 2022-10-20 19:28:59, ended 2022-10-20 20:17:37.

Gandelf, neutral male human Monk

  
unexplored area
unexplored area
unexplored area
unexplored area
unexplored area
unexplored area
unexplored area
unexplored area
unexplored area
unexplored area
unexplored area
unexplored area
unexplored area
unexplored area
unexplored area
unexplored area
unexplored area
unexplored area
unexplored area
unexplored area
unexplored area
unexplored area
unexplored area
unexplored area
unexplored area
unexplored area
unexplored area
unexplored area
unexplored area
unexplored area
unexplored area
unexplored area
unexplored area
unexplored area
unexplored area
unexplored area
unexplored area
unexplored area
unexplored area
unexplored area
unexplored area
unexplored area
unexplored area
unexplored area
unexplored area
unexplored area
unexplored area
unexplored area
unexplored area
unexplored area
unexplored area
unexplored area
unexplored area
unexplored area
unexplored area
unexplored area
unexplored area
unexplored area
unexplored area
unexplored area
unexplored area
unexplored area
unexplored area
unexplored area
unexplored area
unexplored area
unexplored area
unexplored area
unexplored area
unexplored area
unexplored area
unexplored area
unexplored area
unexplored area
unexplored area
unexplored area
unexplored area
unexplored area
unexplored area
unexplored area
unexplored area
unexplored area
unexplored area
unexplored area
unexplored area
unexplored area
unexplored area
unexplored area
unexplored area
unexplored area
unexplored area
unexplored area
unexplored area
unexplored area
unexplored area
unexplored area
unexplored area
unexplored area
unexplored area
unexplored area
unexplored area
unexplored area
unexplored area
unexplored area
unexplored area
unexplored area
unexplored area
unexplored area
unexplored area
unexplored area
unexplored area
unexplored area
unexplored area
unexplored area
unexplored area
unexplored area
unexplored area
unexplored area
unexplored area
unexplored area
unexplored area
unexplored area
unexplored area
unexplored area
unexplored area
unexplored area
unexplored area
unexplored area
unexplored area
unexplored area
unexplored area
unexplored area
unexplored area
unexplored area
unexplored area
unexplored area
unexplored area
unexplored area
unexplored area
unexplored area
unexplored area
unexplored area
unexplored area
unexplored area
unexplored area
unexplored area
unexplored area
unexplored area
unexplored area
unexplored area
unexplored area
unexplored area
unexplored area
unexplored area
unexplored area
unexplored area
unexplored area
unexplored area
unexplored area
unexplored area
unexplored area
unexplored area
unexplored area
unexplored area
unexplored area
unexplored area
unexplored area
unexplored area
unexplored area
unexplored area
unexplored area
unexplored area
unexplored area
unexplored area
unexplored area
unexplored area
unexplored area
unexplored area
unexplored area
unexplored area
unexplored area
unexplored area
unexplored area
unexplored area
unexplored area
unexplored area
unexplored area
unexplored area
unexplored area
unexplored area
unexplored area
unexplored area
unexplored area
unexplored area
unexplored area
unexplored area
unexplored area
unexplored area
unexplored area
unexplored area
unexplored area
unexplored area
unexplored area
unexplored area
unexplored area
unexplored area
unexplored area
unexplored area
unexplored area
unexplored area
unexplored area
unexplored area
unexplored area
unexplored area
unexplored area
unexplored area
unexplored area
unexplored area
unexplored area
unexplored area
unexplored area
wall
wall
wall
wall
wall
wall
wall
wall
unexplored area
unexplored area
unexplored area
unexplored area
unexplored area
unexplored area
unexplored area
unexplored area
unexplored area
unexplored area
unexplored area
unexplored area
unexplored area
unexplored area
unexplored area
unexplored area
unexplored area
unexplored area
unexplored area
unexplored area
unexplored area
unexplored area
unexplored area
unexplored area
unexplored area
unexplored area
unexplored area
unexplored area
unexplored area
unexplored area
unexplored area
unexplored area
unexplored area
unexplored area
unexplored area
unexplored area
unexplored area
unexplored area
unexplored area
unexplored area
unexplored area
unexplored area
wall
wall
wall
wall
wall
wall
wall
wall
wall
wall
wall
wall
wall
wall
wall
wall
wall
unexplored area
unexplored area
wall
wall
wall
unexplored area
unexplored area
unexplored area
stone
stone
stone
stone
wall
.dark part of a room
.dark part of a room
.dark part of a room
.dark part of a room
%a gnomish wizard corpse
.dark part of a room
wall
unexplored area
unexplored area
unexplored area
unexplored area
unexplored area
unexplored area
unexplored area
unexplored area
unexplored area
unexplored area
unexplored area
unexplored area
unexplored area
unexplored area
unexplored area
unexplored area
unexplored area
unexplored area
unexplored area
unexplored area
unexplored area
unexplored area
unexplored area
unexplored area
unexplored area
unexplored area
unexplored area
unexplored area
unexplored area
unexplored area
unexplored area
unexplored area
unexplored area
unexplored area
unexplored area
unexplored area
unexplored area
unexplored area
unexplored area
unexplored area
unexplored area
unexplored area
unexplored area
.dark part of a room
.dark part of a room
.dark part of a room
.dark part of a room
.dark part of a room
.dark part of a room
.dark part of a room
.dark part of a room
.dark part of a room
.dark part of a room
.dark part of a room
.floor of a room
.floor of a room
.floor of a room
.dark part of a room
unexplored area
unexplored area
unexplored area
unexplored area
.dark part of a room
wall
unexplored area
unexplored area
stone
stone
corridor
corridor
corridor
.doorway
.dark part of a room
.dark part of a room
.dark part of a room
.dark part of a room
.dark part of a room
.dark part of a room
wall
unexplored area
unexplored area
unexplored area
unexplored area
unexplored area
unexplored area
unexplored area
unexplored area
unexplored area
unexplored area
unexplored area
unexplored area
unexplored area
unexplored area
unexplored area
unexplored area
unexplored area
unexplored area
unexplored area
unexplored area
unexplored area
unexplored area
unexplored area
unexplored area
unexplored area
unexplored area
unexplored area
unexplored area
unexplored area
unexplored area
unexplored area
unexplored area
unexplored area
unexplored area
unexplored area
unexplored area
unexplored area
unexplored area
unexplored area
unexplored area
unexplored area
unexplored area
wall
unexplored area
wall
wall
wall
.dark part of a room
.dark part of a room
.dark part of a room
.dark part of a room
.dark part of a room
.dark part of a room
.dark part of a room
.floor of a room
@peaceful watchman
.floor of a room
wall
wall
wall
wall
wall
.dark part of a room
wall
unexplored area
stone
stone
corridor
corridor
stone
stone
wall
.dark part of a room
.dark part of a room
.dark part of a room
.dark part of a room
.dark part of a room
<staircase up
wall
unexplored area
unexplored area
unexplored area
unexplored area
unexplored area
unexplored area
unexplored area
unexplored area
unexplored area
unexplored area
unexplored area
unexplored area
unexplored area
unexplored area
unexplored area
unexplored area
unexplored area
unexplored area
unexplored area
unexplored area
unexplored area
unexplored area
unexplored area
unexplored area
unexplored area
unexplored area
unexplored area
unexplored area
unexplored area
unexplored area
unexplored area
unexplored area
unexplored area
unexplored area
unexplored area
unexplored area
unexplored area
unexplored area
unexplored area
unexplored area
unexplored area
unexplored area
wall
.dark part of a room
.dark part of a room
.dark part of a room
.doorway
.dark part of a room
.dark part of a room
.dark part of a room
.dark part of a room
.dark part of a room
)a dart
.dark part of a room
.dark part of a room
(a lamp
.floor of a room
-open door
.dark part of a room
(a whistle
(a towel
wall
.dark part of a room
unexplored area
corridor
corridor
stone
corridor
stone
stone
unexplored area
wall
|open door
wall
wall
wall
.doorway
wall
wall
unexplored area
unexplored area
unexplored area
unexplored area
unexplored area
unexplored area
unexplored area
unexplored area
unexplored area
unexplored area
unexplored area
unexplored area
unexplored area
unexplored area
unexplored area
unexplored area
unexplored area
unexplored area
unexplored area
unexplored area
unexplored area
unexplored area
unexplored area
unexplored area
unexplored area
unexplored area
unexplored area
unexplored area
unexplored area
unexplored area
unexplored area
unexplored area
unexplored area
unexplored area
unexplored area
unexplored area
unexplored area
unexplored area
unexplored area
unexplored area
unexplored area
unexplored area
wall
unexplored area
unexplored area
unexplored area
wall
.dark part of a room
.dark part of a room
.dark part of a room
.dark part of a room
.dark part of a room
.dark part of a room
.dark part of a room
.dark part of a room
.floor of a room
.floor of a room
wall
unexplored area
unexplored area
(a whistle
wall
.dark part of a room
wall
unexplored area
stone
corridor
corridor
stone
unexplored area
unexplored area
unexplored area
corridor
unexplored area
unexplored area
unexplored area
corridor
unexplored area
unexplored area
unexplored area
unexplored area
unexplored area
unexplored area
unexplored area
unexplored area
unexplored area
unexplored area
unexplored area
unexplored area
unexplored area
unexplored area
unexplored area
unexplored area
unexplored area
unexplored area
unexplored area
unexplored area
unexplored area
unexplored area
unexplored area
unexplored area
unexplored area
unexplored area
unexplored area
unexplored area
unexplored area
unexplored area
unexplored area
unexplored area
unexplored area
unexplored area
unexplored area
unexplored area
unexplored area
unexplored area
unexplored area
unexplored area
unexplored area
unexplored area
unexplored area
unexplored area
unexplored area
unexplored area
unexplored area
unexplored area
wall
.dark part of a room
.dark part of a room
.dark part of a room
unexplored area
wall
wall
wall
wall
.floor of a room
.dark part of a room
wall
unexplored area
unexplored area
unexplored area
wall
.dark part of a room
wall
unexplored area
stone
stone
corridor
stone
unexplored area
unexplored area
unexplored area
unexplored area
unexplored area
unexplored area
unexplored area
unexplored area
unexplored area
unexplored area
unexplored area
unexplored area
unexplored area
unexplored area
unexplored area
unexplored area
unexplored area
unexplored area
unexplored area
unexplored area
unexplored area
unexplored area
unexplored area
unexplored area
unexplored area
unexplored area
unexplored area
unexplored area
unexplored area
unexplored area
unexplored area
unexplored area
unexplored area
unexplored area
unexplored area
unexplored area
unexplored area
unexplored area
unexplored area
unexplored area
unexplored area
unexplored area
unexplored area
unexplored area
unexplored area
unexplored area
unexplored area
unexplored area
unexplored area
unexplored area
unexplored area
unexplored area
unexplored area
unexplored area
unexplored area
unexplored area
wall
.dark part of a room
.dark part of a room
.dark part of a room
unexplored area
wall
.dark part of a room
.dark part of a room
wall
ddingo
wall
wall
wall
wall
wall
wall
.dark part of a room
wall
unexplored area
stone
corridor
corridor
stone
unexplored area
unexplored area
unexplored area
unexplored area
unexplored area
unexplored area
unexplored area
unexplored area
unexplored area
unexplored area
unexplored area
unexplored area
unexplored area
unexplored area
unexplored area
unexplored area
unexplored area
unexplored area
unexplored area
unexplored area
unexplored area
unexplored area
unexplored area
unexplored area
unexplored area
unexplored area
unexplored area
unexplored area
unexplored area
unexplored area
unexplored area
unexplored area
unexplored area
unexplored area
unexplored area
unexplored area
unexplored area
unexplored area
unexplored area
unexplored area
unexplored area
unexplored area
unexplored area
unexplored area
unexplored area
unexplored area
unexplored area
unexplored area
unexplored area
unexplored area
unexplored area
unexplored area
unexplored area
unexplored area
unexplored area
unexplored area
wall
.dark part of a room
.dark part of a room
.dark part of a room
unexplored area
wall
.dark part of a room
unexplored area
wall
@human monk called Gandelf
wall
.dark part of a room
.dark part of a room
.dark part of a room
.dark part of a room
wall
.dark part of a room
wall
0a boulder
corridor
corridor
stone
stone
unexplored area
unexplored area
unexplored area
unexplored area
unexplored area
unexplored area
unexplored area
unexplored area
unexplored area
unexplored area
unexplored area
unexplored area
unexplored area
unexplored area
unexplored area
unexplored area
unexplored area
unexplored area
unexplored area
unexplored area
unexplored area
unexplored area
unexplored area
unexplored area
unexplored area
unexplored area
unexplored area
unexplored area
unexplored area
unexplored area
unexplored area
unexplored area
unexplored area
unexplored area
unexplored area
unexplored area
unexplored area
unexplored area
unexplored area
unexplored area
unexplored area
unexplored area
unexplored area
unexplored area
unexplored area
unexplored area
unexplored area
unexplored area
unexplored area
unexplored area
unexplored area
unexplored area
unexplored area
unexplored area
unexplored area
unexplored area
.dark part of a room
.dark part of a room
.dark part of a room
.dark part of a room
.dark part of a room
wall
.dark part of a room
unexplored area
wall
youngster's ghost
wall
.dark part of a room
.dark part of a room
_chaotic altar
.dark part of a room
wall
.dark part of a room
wall
corridor
[a leather armor
corridor
stone
unexplored area
unexplored area
unexplored area
unexplored area
unexplored area
unexplored area
unexplored area
unexplored area
unexplored area
unexplored area
unexplored area
unexplored area
unexplored area
unexplored area
unexplored area
unexplored area
unexplored area
unexplored area
unexplored area
unexplored area
unexplored area
unexplored area
unexplored area
unexplored area
unexplored area
unexplored area
unexplored area
unexplored area
unexplored area
unexplored area
unexplored area
unexplored area
unexplored area
unexplored area
unexplored area
unexplored area
unexplored area
unexplored area
unexplored area
unexplored area
unexplored area
unexplored area
unexplored area
unexplored area
unexplored area
unexplored area
unexplored area
unexplored area
unexplored area
unexplored area
unexplored area
unexplored area
unexplored area
unexplored area
unexplored area
unexplored area
unexplored area
unexplored area
unexplored area
.dark part of a room
.dark part of a room
.dark part of a room
wall
|open door
wall
wall
.floor of a room
-open door
(a candle
.dark part of a room
.dark part of a room
.dark part of a room
wall
.dark part of a room
.doorway
corridor
stone
stone
stone
unexplored area
unexplored area
unexplored area
unexplored area
unexplored area
unexplored area
unexplored area
unexplored area
unexplored area
unexplored area
unexplored area
unexplored area
unexplored area
unexplored area
unexplored area
unexplored area
unexplored area
unexplored area
unexplored area
unexplored area
unexplored area
unexplored area
unexplored area
unexplored area
unexplored area
unexplored area
unexplored area
unexplored area
unexplored area
unexplored area
unexplored area
unexplored area
unexplored area
unexplored area
unexplored area
unexplored area
unexplored area
unexplored area
unexplored area
unexplored area
unexplored area
unexplored area
unexplored area
unexplored area
unexplored area
unexplored area
unexplored area
unexplored area
unexplored area
unexplored area
unexplored area
unexplored area
unexplored area
unexplored area
unexplored area
unexplored area
unexplored area
unexplored area
unexplored area
unexplored area
wall
.dark part of a room
.dark part of a room
.dark part of a room
.dark part of a room
.dark part of a room
.floor of a room
wall
.dark part of a room
.dark part of a room
.dark part of a room
.dark part of a room
wall
.dark part of a room
wall
corridor
stone
unexplored area
unexplored area
unexplored area
unexplored area
unexplored area
unexplored area
unexplored area
unexplored area
unexplored area
unexplored area
unexplored area
unexplored area
unexplored area
unexplored area
unexplored area
unexplored area
unexplored area
unexplored area
unexplored area
unexplored area
unexplored area
unexplored area
unexplored area
unexplored area
unexplored area
unexplored area
unexplored area
unexplored area
unexplored area
unexplored area
unexplored area
unexplored area
unexplored area
unexplored area
unexplored area
unexplored area
unexplored area
unexplored area
unexplored area
unexplored area
unexplored area
unexplored area
unexplored area
unexplored area
unexplored area
unexplored area
unexplored area
unexplored area
unexplored area
unexplored area
unexplored area
unexplored area
unexplored area
unexplored area
unexplored area
unexplored area
unexplored area
unexplored area
unexplored area
unexplored area
unexplored area
unexplored area
wall
.dark part of a room
.dark part of a room
.dark part of a room
.dark part of a room
wall
wall
wall
wall
wall
wall
wall
wall
.dark part of a room
wall
corridor
stone
unexplored area
unexplored area
unexplored area
unexplored area
unexplored area
unexplored area
unexplored area
unexplored area
unexplored area
unexplored area
unexplored area
unexplored area
unexplored area
unexplored area
unexplored area
unexplored area
unexplored area
unexplored area
unexplored area
unexplored area
unexplored area
unexplored area
unexplored area
unexplored area
unexplored area
unexplored area
unexplored area
unexplored area
unexplored area
unexplored area
unexplored area
unexplored area
unexplored area
unexplored area
unexplored area
unexplored area
unexplored area
unexplored area
unexplored area
unexplored area
unexplored area
unexplored area
unexplored area
unexplored area
unexplored area
unexplored area
unexplored area
unexplored area
unexplored area
unexplored area
unexplored area
unexplored area
unexplored area
unexplored area
unexplored area
unexplored area
unexplored area
unexplored area
unexplored area
unexplored area
unexplored area
unexplored area
wall
.dark part of a room
.dark part of a room
.dark part of a room
.dark part of a room
wall
{sink
.dark part of a room
wall
.dark part of a room
.dark part of a room
.dark part of a room
-open door
.dark part of a room
wall
unexplored area
unexplored area
unexplored area
unexplored area
unexplored area
unexplored area
unexplored area
unexplored area
unexplored area
unexplored area
unexplored area
unexplored area
unexplored area
unexplored area
unexplored area
unexplored area
unexplored area
unexplored area
unexplored area
unexplored area
unexplored area
unexplored area
unexplored area
unexplored area
unexplored area
unexplored area
unexplored area
unexplored area
unexplored area
unexplored area
unexplored area
unexplored area
unexplored area
unexplored area
unexplored area
unexplored area
unexplored area
unexplored area
unexplored area
unexplored area
unexplored area
unexplored area
unexplored area
unexplored area
unexplored area
unexplored area
unexplored area
unexplored area
unexplored area
unexplored area
unexplored area
unexplored area
unexplored area
unexplored area
unexplored area
unexplored area
unexplored area
unexplored area
unexplored area
unexplored area
unexplored area
unexplored area
unexplored area
unexplored area
wall
.dark part of a room
.dark part of a room
.dark part of a room
.dark part of a room
wall
.dark part of a room
.dark part of a room
wall
.dark part of a room
.dark part of a room
.dark part of a room
wall
.dark part of a room
wall
unexplored area
unexplored area
unexplored area
unexplored area
unexplored area
unexplored area
unexplored area
unexplored area
unexplored area
unexplored area
unexplored area
unexplored area
unexplored area
unexplored area
unexplored area
unexplored area
unexplored area
unexplored area
unexplored area
unexplored area
unexplored area
unexplored area
unexplored area
unexplored area
unexplored area
unexplored area
unexplored area
unexplored area
unexplored area
unexplored area
unexplored area
unexplored area
unexplored area
unexplored area
unexplored area
unexplored area
unexplored area
unexplored area
unexplored area
unexplored area
unexplored area
unexplored area
unexplored area
unexplored area
unexplored area
unexplored area
unexplored area
wall
unexplored area
wall
unexplored area
wall
wall
wall
wall
wall
wall
unexplored area
unexplored area
unexplored area
unexplored area
wall
wall
wall
wall
.dark part of a room
.dark part of a room
.dark part of a room
.dark part of a room
wall
|open door
wall
wall
wall
wall
wall
wall
.dark part of a room
wall
unexplored area
unexplored area
unexplored area
unexplored area
unexplored area
unexplored area
unexplored area
unexplored area
unexplored area
unexplored area
unexplored area
unexplored area
unexplored area
unexplored area
unexplored area
unexplored area
unexplored area
unexplored area
unexplored area
unexplored area
unexplored area
unexplored area
unexplored area
unexplored area
unexplored area
unexplored area
unexplored area
unexplored area
unexplored area
unexplored area
unexplored area
unexplored area
unexplored area
unexplored area
unexplored area
unexplored area
unexplored area
unexplored area
unexplored area
unexplored area
unexplored area
unexplored area
unexplored area
unexplored area
unexplored area
unexplored area
unexplored area
.doorway
.dark part of a room
.dark part of a room
.dark part of a room
.dark part of a room
.dark part of a room
.dark part of a room
.dark part of a room
.dark part of a room
.dark part of a room
.dark part of a room
.dark part of a room
.dark part of a room
.dark part of a room
.dark part of a room
.dark part of a room
.dark part of a room
.dark part of a room
.dark part of a room
.dark part of a room
.dark part of a room
.dark part of a room
.dark part of a room
.dark part of a room
.dark part of a room
.dark part of a room
%a rabid rat corpse
.dark part of a room
.dark part of a room
.dark part of a room
.dark part of a room
wall
unexplored area
unexplored area
unexplored area
unexplored area
unexplored area
unexplored area
unexplored area
unexplored area
unexplored area
unexplored area
unexplored area
unexplored area
unexplored area
unexplored area
unexplored area
unexplored area
unexplored area
unexplored area
unexplored area
unexplored area
unexplored area
unexplored area
unexplored area
unexplored area
unexplored area
unexplored area
unexplored area
unexplored area
unexplored area
unexplored area
unexplored area
unexplored area
unexplored area
unexplored area
unexplored area
unexplored area
unexplored area
unexplored area
unexplored area
unexplored area
unexplored area
unexplored area
unexplored area
unexplored area
unexplored area
unexplored area
unexplored area
wall
wall
wall
wall
wall
wall
wall
wall
wall
wall
wall
wall
wall
wall
wall
wall
wall
wall
wall
wall
wall
wall
wall
wall
wall
wall
wall
wall
wall
wall
wall
wall
unexplored area
unexplored area
unexplored area
unexplored area
unexplored area
unexplored area
unexplored area
unexplored area
unexplored area
unexplored area
unexplored area
unexplored area
unexplored area
unexplored area
unexplored area
unexplored area
unexplored area
unexplored area
unexplored area
unexplored area
unexplored area
unexplored area
unexplored area
unexplored area
unexplored area
unexplored area
unexplored area
unexplored area
unexplored area
unexplored area
unexplored area
unexplored area
unexplored area
unexplored area
unexplored area
unexplored area
unexplored area
unexplored area
unexplored area
unexplored area
unexplored area
unexplored area
unexplored area
unexplored area
unexplored area
unexplored area
unexplored area
unexplored area
unexplored area
unexplored area
unexplored area
unexplored area
unexplored area
unexplored area
unexplored area
unexplored area
unexplored area
unexplored area
unexplored area
unexplored area
unexplored area
unexplored area
unexplored area
unexplored area
unexplored area
unexplored area
unexplored area
unexplored area
unexplored area
unexplored area
unexplored area
unexplored area
unexplored area
unexplored area
unexplored area
unexplored area
unexplored area
unexplored area
unexplored area
unexplored area
unexplored area
unexplored area
unexplored area
unexplored area
unexplored area
unexplored area
unexplored area
unexplored area
unexplored area
unexplored area
unexplored area
unexplored area
unexplored area
unexplored area
unexplored area
unexplored area
unexplored area
unexplored area
unexplored area
unexplored area
unexplored area
unexplored area
[Gandelf the Initiate ] St:18 Dx:13 Co:14 In:10 Wi:10 Ch:11 Neutral S:2717 Dlvl:7 $:57 HP:0(39) Pw:24(24) AC:-2 Xp:6/585 T:3093 Stressed

Latest messages:

You feel less confused now.
There is a gnome lord corpse here; eat it? [ynq] (n) n
What do you want to eat? [f-ikqHNST or ?*] S
This lichen corpse tastes delicious!
You finish eating the lichen corpse.
What do you want to drop? [$a-zA-RT-Z or ?*] R
You drop a bag.
You hit youngster's ghost!
Youngster's ghost touches you!
You miss youngster's ghost.
You hit youngster's ghost!
You miss youngster's ghost.
Youngster's ghost touches you!
You miss youngster's ghost.
You miss youngster's ghost.
You miss youngster's ghost.
Youngster's ghost touches you!
You miss youngster's ghost.
You miss youngster's ghost.
You miss youngster's ghost.
Youngster's ghost touches you!
You miss youngster's ghost.
Youngster's ghost touches you!
Youngster's ghost touches you!
You miss youngster's ghost.
Youngster's ghost touches you!
You miss youngster's ghost.
The dingo bites!
The dingo misses!
Youngster's ghost touches you!
The dingo bites!
You miss youngster's ghost.
The dingo bites!
You miss youngster's ghost.
The dingo bites!
The dingo bites!
You miss the dingo.
The dingo misses!
Youngster's ghost touches you!
You miss the dingo.
The dingo bites!
The dingo misses!
The dingo misses!
Youngster's ghost just misses!
You don't have enough stamina to move.
The dingo bites!
You hear a slow drip.
The dingo bites!
You die...
Do you want your possessions identified? [ynq] (y) q

Inventory:

Coins

$ - 57 gold pieces

Weapons

x - 6 +0 darts
y - a +0 dagger

Armor

Y - an uncursed +0 dwarvish iron helm (being worn)
M - a cursed -1 pair of gauntlets of fumbling
a - an uncursed +2 pair of leather gloves (being worn)
O - an uncursed +0 pair of iron shoes (being worn)
m - a blessed +0 dwarvish roundshield (being worn)
b - an uncursed +1 robe (being worn)
o - an uncursed +0 dwarvish mithril-coat

Comestibles

g - 5 uncursed apples
k - an uncursed carrot
H - 2 cursed cream pies
f - 3 uncursed food rations
T - 4 uncursed food rations
q - 7 cursed food rations
i - 3 uncursed fortune cookies
h - 5 uncursed oranges
N - a cursed tripe ration

Scrolls

C - an uncursed scroll of amnesia
E - an uncursed scroll of destroy armor
F - an uncursed scroll of earth
z - an uncursed scroll of enchant weapon
B - an uncursed scroll of food detection
r - 7 uncursed scrolls of identify
A - a blessed scroll of light
J - an uncursed scroll of remove curse
d - an uncursed scroll of scare monster
G - an uncursed scroll of taming

Spellbooks

s - an uncursed spellbook of clairvoyance
Q - a cursed spellbook of confuse monster
c - a blessed spellbook of protection
K - an uncursed spellbook of protection
P - a cursed spellbook of restore ability
D - an uncursed spellbook of wizard lock

Potions

U - a blessed potion of object detection
t - an uncursed potion of speed
e - 3 uncursed potions of water
n - 4 uncursed potions of water

Rings

u - a cursed ring of hunger

Wands

v - a wand of fire (0:5)
I - a wand of sleep (0:4)

Tools

X - a drum of earthquake (0:4)
j - a magic marker (0:66)
V - an uncursed mirror
L - an uncursed tin opener

Gems/Stones

p - 2 uncursed garnet stones
Z - an uncursed jasper stone
W - an uncursed worthless piece of green glass
w - an uncursed worthless piece of yellow glass
l - an uncursed worthless piece of yellowish brown glass

Gandelf the Monk's attributes:


Background:

You were an Initiate, a level 6 male human Monk.
You were neutral, on a mission for Chih Sung-tzu
who was opposed by Shan Lai Ching (lawful) and Huan Ti (chaotic).
You were in the Gnomish Mines, on level 7.
You entered the dungeon 3093 turns ago.
You had 585 experience points, 55 more were needed to attain level 7.
Your score was 2717 before end-of-game adjustments.

Basics:

You had 0 out of 39 hit points.
You had all 24 energy points (spell power).
Your armor class was -2.
Your wallet contained 57 zorkmids.
Autopickup was off.

Final Characteristics:

Your strength was 18 (limit:18/100).
Your dexterity was 13 (limit:18).
Your constitution was 14 (limit:18).
Your intelligence was 10 (limit:18).
Your wisdom was 10 (limit:18).
Your charisma was 11 (limit:18).

Final Status:

You were not hungry.
You were stressed; movement was moderately slowed.
You were empty handed.
You had basic skill with martial arts and could have enhanced that.

Final Attributes:

You were piously aligned.
You were sleep resistant.
You were poison resistant.
You saw invisible.
You were stealthy.
You were guarded.
You were fast.
You are dead.

Miscellaneous:
You encountered 1 bones level.
Total elapsed playing time was 48 minutes and 38 seconds.

Major events:

Turn

1: Gandelf the neutral male human Monk entered the dungeon
993: attained the rank of Novice (level 3)
2445: attained the rank of Initiate (level 6)
2568: entered the Gnomish Mines
2943: reached Mine Town
3093: killed by a dingo

Vanquished creatures:

a large mimic
a small mimic
a gnome mummy
a bugbear
a water nymph
9 Uruk-hai
a rock piercer
a fog cloud
a yellow light
3 gnome leaders
a gnomish wizard
a little dog
a floating eye
4 dwarves
5 rothes
2 rabid rats
a giant bat
an orc zombie
an iguana
an acid blob
a hobbit
a brown mold
15 gnomes
4 jackals
2 foxes
a kobold
2 goblins
3 sewer rats
5 grid bugs
3 lichens
9 newts
84 creatures vanquished.
No species were genocided or became extinct.

Voluntary challenges:

You followed a strict vegan diet.
You never hit with a wielded weapon.
You read items or engraved 4 times.
You never engraved Elbereth.
You never genocided any monsters.
You never polymorphed an object.
You never changed form.
You used no wishes.

Achievements:

You entered a shop.
You attained the rank of Novice.
You attained the rank of Initiate.
You entered the Gnomish Mines.
You entered Minetown.
You entered a temple.

The Dungeons of Doom: levels 1 to 6

   Level 1:
A sink.
Level 2:
Level 3:
A scroll shop, a fountain.
Level 4:
A general store, a fountain.
Stairs down to The Gnomish Mines.
Level 5:
Level 6:

The Gnomish Mines: levels 5 to 7

   Level 5:
Level 6:
Level 7: <- You were here.
A temple, a sink, some graves.
Final resting place for
you, killed by a dingo,
youngster-Cav-Dwa-Mal-Law, killed by a rabid rat,
elky-Val-Dwa-Fem-Law, killed by a rock mole.

Game over:

----------
/ \
/ REST \
/ IN \
/ PEACE \
/ \
| Gandelf |
| 57 Au |
| killed by a |
| dingo |
| |
| |
| 2022 |
*| * * * | *
_________)/\\_//(\/(/\)/\//\/|_)_______

Goodbye Gandelf the Monk...


You died in The Gnomish Mines on dungeon level 7 with 2712 points,
and 57 pieces of gold, after 3093 moves.
You were level 6 with a maximum of 39 hit points when you died.